 Dungeon Crawl Stone Soup version 0.31.0-1-g2c135a0 (webtiles) character file.

Game seed: 2332814509956505088

842 Think the Nimble (level 8, -8/52 HPs)
             Began as an Octopode Fighter on Jan 23, 2024.
             Engulfed by a steam dragon's steam (12 damage)
             ... on level 6 of the Dungeon.
             The game lasted 00:14:01 (5776 turns).

Think the Nimble (Octopode Fighter)                 Turns: 5776, Time: 00:14:01

Health: -8/52      AC:  8    Str: 15    XL:     8   Next: 0%
Magic:  8/8        EV: 18    Int: 10    God:
Gold:   26         SH:  5    Dex: 20    Spells: 5/7 levels left

rFire   . . .        p - +0 falchion (protect)
rCold   . . .        b - +0 buckler
rNeg    . . .        (helmet restricted)
rPois   .            (no amulet)
rElec   .            k - +6 ring of dexterity
rCorr   .            (no ring)
SInv    +            (no ring)
Will    .....        (no ring)
Stlth   +++++        (no ring)
HPRegen 0.28/turn    (no ring)
MPRegen 0.11/turn    (no ring)
                     (no ring)

%: no passive effects
@: mighty, under a protective aura
A: almost no armour, amphibious, 8 rings, camouflage 1, gelatinous body 1,
nimble swimmer 1, tentacles, see invisible, wild magic 1, inability to drink
after injury 1
a: no special abilities


You were on level 6 of the Dungeon.
You visited 2 branches of the dungeon, and saw 7 of its levels.

You collected 293 gold pieces.
You spent 267 gold pieces at shops.

Inventory:

Hand Weapons
 a - a +0 long sword
 n - a +1 dagger of protection
 p - a +0 falchion of protection (weapon)
Missiles
 g - 12 poisoned darts (quivered)
 h - 53 stones
 o - a throwing net
Armour
 b - a +0 buckler (worn)
Magical Staves
 e - a staff of conjuration
Jewellery
 k - a +6 ring of dexterity (left tentacle)
Scrolls
 d - a scroll of teleportation
 l - a scroll of identify
 q - a scroll of fog {unknown}
 r - a scroll of butterflies {unknown}
 t - a scroll of enchant armour {unknown}
 u - a scroll of fear {unknown}
Potions
 c - a potion of curing {unknown}
 f - 2 potions of resistance
 i - a potion of degeneration {unknown}
 j - a potion of brilliance
 m - 2 potions of magic


   Skills:
 + Level 3.3 Fighting
 * Level 2.8 Long Blades
 + Level 1.1 Throwing
 + Level 8.1 Dodging
 - Level 4.0 Stealth
 - Level 3.0 Shields
 + Level 1.0 Translocations


You had 5 spell levels left.
You knew the following spells:

 Your Spells              Type           Power      Damage    Failure   Level
a - Lesser Beckoning      Tloc           4%         N/A       54%         2

Your spell library contained the following spells:

 Spells                   Type           Power      Damage    Failure   Level
 Blink                    Tloc           4%         N/A       54%         2
 Momentum Strike          Conj/Tloc      2%         3d8       61%         2
 Vhi's Electric Charge    Tloc/Air       2%         N/A       99%         4
 Arcjolt                  Conj/Air       0%         1d10      100%        5
 Plasma Beam              Fire/Air       0%         2x1d10    100%        6


Dungeon Overview and Level Annotations

Branches:
Dungeon (6/15)             Temple (1/1) D:6

Altars:
Ashenzari
Dithmenos
Elyvilon
Fedhas
Gozag
Hepliaklqana
Kikubaaqudgha
Makhleb
Nemelex Xobeh
Qazlal
Ru
Sif Muna
Trog
Uskayaw
Vehumet
Wu Jian
Xom
Yredelemnul
Zin
The Shining One

Shops:
D:1 (?:(

Annotations:
D:5 3 runed translucent doors, IAmTheZeppo's ghost, novice DrCj


Innate Abilities, Weirdness & Mutations

You cannot wear most types of armour.
You are amphibious.
You can wear up to eight rings at the same time.
Your skin changes colour to match your surroundings (Stealth+).
Your rubbery body absorbs attacks. (AC +1, EV +1)
You are camouflaged when in or above water. (Stealth+)
You have tentacles for arms and can constrict up to eight enemies at once.
You have supernaturally acute eyesight. (SInv)
Your spells are a little harder to cast, but a little more powerful.
You occasionally lose the ability to drink potions when taking damage.


Message History

The steam dragon closely misses you. x2
You closely miss the steam dragon.
The steam dragon is heavily wounded.
The steam dragon completely misses you. The steam dragon claws you.
You hit the steam dragon. You squeeze the steam dragon.
The steam dragon is severely wounded.
The steam dragon closely misses you. The steam dragon claws you.
You barely miss the steam dragon.
The steam dragon is severely wounded.
The steam dragon closely misses you. You block the steam dragon's attack.
You hit the steam dragon but do no damage.
The steam dragon is severely wounded.
The steam dragon breathes steam at you. The ball of steam hits you!
You hit the steam dragon but do no damage.
The steam dragon is severely wounded.
You are engulfed in a cloud of scalding steam.
The steam dragon misses you. x2; The steam dragon completely misses you. x2
You closely miss the steam dragon. Your squeeze misses the steam dragon.
The steam dragon is severely wounded.
You are engulfed in a cloud of scalding steam.
The steam dragon bites you but does no damage.
The steam dragon closely misses you.
You hit the steam dragon.
The steam dragon is severely wounded.
You are engulfed in a cloud of scalding steam.
* * * LOW HITPOINT WARNING * * *
The steam dragon bites you.
* * * LOW HITPOINT WARNING * * *
You block the steam dragon's attack.
You feel very mighty all of a sudden.
You are engulfed in a cloud of scalding steam.
* * * LOW HITPOINT WARNING * * *
The steam dragon breathes steam at you. The ball of steam misses you.
You closely miss the steam dragon.
The steam dragon is severely wounded.
You hear the rusting of a very distant drain.
You are engulfed in a cloud of scalding steam.
You die...

###.#...####
...........#..
.##.#.≈≈≈≈≈≈≈. ≈#
.##...≈#####≈. ≈# ....#.≈#
≈≈# ≈# ###.##≈# ..... ≈#
....##≈# #≈.≈ ≈#
######≈#####≈.≈#####≈#
##≈≈≈≈≈≈≈.≈D@§§≈≈#####
##...#####..####......#
##.....## ##.##........#
##.......## #....#####..#
##.........####...#.~.#.##
.+.........'......#.~.#.#
##.........####.<.#.~~#.#
##.......## ##..#####.#
#.......## ##.......#


You could see a steam dragon (catching breath).

Vanquished Creatures
  An ice beast (D:5)
  Blork the orc (D:5)
  A scorpion (D:5)
  3 wights (D:6)
  A crimson imp (D:4)
  2 hounds (D:5)
  An orc priest (D:4)
  3 iguanas
  3 orc wizards
  4 gnolls
  6 adders
  5 dart slugs
  15 orcs
  9 ball pythons
  7 bats
  5 endoplasms
  4 giant cockroaches
  5 hobgoblins
  4 kobolds
  A quokka (D:4)
  3 frilled lizards (D:2)
  10 goblins
  A goblin zombie (D:4)
  A hobgoblin zombie (D:4)
  2 kobold skeletons (D:4)
  3 kobold zombies (D:4)
  An orc skeleton (D:4)
  4 rats
106 creatures vanquished.

Notes
Turn   | Place    | Note
-------+----------+-------------------------------------------
     0 | D:1      | Think the Octopode Fighter began the quest for the Orb.
     0 | D:1      | Reached XP level 1. HP: 16/16 MP: 1/1
    13 | D:1      | Found Waleekhi's Weapon Shop.
   132 | D:1      | Reached XP level 2. HP: 21/21 MP: 2/2
   372 | D:1      | Reached skill level 4 in Dodging
   384 | D:1      | Reached XP level 3. HP: 20/26 MP: 3/3
   498 | D:1      | You fall into a shaft and drop 1 floor!
   914 | D:2      | Reached XP level 4. HP: 19/31 MP: 4/4
  1099 | D:2      | Reached skill level 5 in Dodging
  1602 | D:1      | Found Zoulixeru's Book Shoppe.
  1613 | D:1      | Found Sacub's Antique Weapon Shoppe.
  1670 | D:1      | Found Nontuag's Magic Scroll Shop.
  1673 | D:1      | Bought a scroll of teleportation for 33 gold pieces
  1955 | D:3      | Found a white marble altar of Elyvilon.
  2015 | D:3      | Identified the +1 spear of Gluttony {heavy, rPois}
  2613 | D:4      | Reached XP level 5. HP: 30/36 MP: 5/5
  2735 | D:4      | Reached skill level 6 in Dodging
  2749 | D:4      | Found a glowing golden altar of the Shining One.
  3003 | D:4      | Reached XP level 6. HP: 40/42 MP: 6/6
  3042 | D:4      | Gained mutation: Your body sometimes deteriorates upon
                  | taking damage. [potion of mutation]
  3042 | D:4      | Gained mutation: Your health recovers twice as slowly from
                  | being drained. [potion of mutation]
  3042 | D:4      | Gained mutation: One of your tentacles bears a spike.
                  | [potion of mutation]
  3188 | D:3      | Lost mutation: Your body sometimes deteriorates upon taking
                  | damage. [potion of mutation]
  3188 | D:3      | Lost mutation: Your health recovers twice as slowly from
                  | being drained. [potion of mutation]
  3188 | D:3      | Lost mutation: One of your tentacles bears a spike. [potion
                  | of mutation]
  3188 | D:3      | Gained mutation: Your spells are a little harder to cast,
                  | but a little more powerful. [potion of mutation]
  3188 | D:3      | Gained mutation: You are frail. (-10% HP) [potion of
                  | mutation]
  3188 | D:3      | Gained mutation: Your magical capacity is low. (-10% MP)
                  | [potion of mutation]
  3188 | D:3      | Gained mutation: You have supernaturally acute eyesight.
                  | (SInv) [potion of mutation]
  3189 | D:3      | Lost mutation: Your magical capacity is low. (-10% MP)
                  | [potion of mutation]
  3189 | D:3      | Lost mutation: You are frail. (-10% HP) [potion of
                  | mutation]
  3189 | D:3      | Gained mutation: You occasionally lose the ability to drink
                  | potions when taking damage. [potion of mutation]
  3395 | D:4      | Found a broken altar of Ashenzari.
  3476 | D:4      | Reached skill level 7 in Dodging
  3476 | D:4      | Reached skill level 1 in Stealth
  3944 | D:5      | Entered Level 5 of the Dungeon
  3975 | D:5      | Noticed an ice beast
  4594 | D:5      | Reached XP level 7. HP: 46/46 MP: 7/7
  4671 | D:5      | Found a runed translucent gate.
  4671 | D:5      | Found a runed translucent gate.
  4671 | D:5      | Found a runed translucent gate.
  4672 | D:5      | Noticed IAmTheZeppo's ghost (novice DrCj)
  4918 | D:1      | Bought a book of Spatial Translocations for 234 gold pieces
  4921 | D:1      | Learned a level 2 spell: Lesser Beckoning
  5265 | D:5      | Noticed Blork the orc
  5275 | D:5      | Killed Blork the orc
  5276 | D:5      | Reached skill level 8 in Dodging
  5350 | D:5      | Found a shimmering blue altar of Sif Muna.
  5351 | D:5      | Found a hazy altar of Hepliaklqana.
  5492 | D:6      | Found a staircase to the Ecumenical Temple.
  5510 | D:6      | Reached skill level 1 in Throwing
  5510 | D:6      | Reached skill level 1 in Translocations
  5510 | D:6      | Reached XP level 8. HP: 13/52 MP: 8/8
  5583 | Temple   | Entered the Ecumenical Temple
  5776 | D:6      | Engulfed by a steam dragon's steam

Illustrated notes

Levels and vault maps discovered:
D:1:      mrwooster_arrival_statue_2, layout_loops_cross, serial_shops, shop,
          nicolae_shop_temple_entry_statues_fountains, nicolae_shop_rolled_up,
          nicolae_shop_stone, nicolae_kite_square_tiling_tiny,
          minmay_pentomino_v4
D:2:      layout_loops_corners
D:3:      layout_loops_ring, mainiacjoe_overflow_cross_hatched
D:4:      layout_cave_pods, nicolae_tso_besieged_by_evil, ashenzari_altar_1
D:5:      layout_basic, gammafunk_temple_overflow_statue,
          gammafunk_ghost_nasty_kobolds, minmay_misc_feat_cross,
          uniq_blork_the_orc
D:6:      layout_loops_corners, nicolae_overflow_two_pavilions,
          minmay_temple_entry_tees, serial_aquarium,
          aquarium_bridge_island_large [aquarium_subvault_large_open,
          aquarium_subvault_bridge, aquarium_subvault_wall,
          aquarium_subvault_window, aquarium_subvault_bridge],
          aquarium_bridge_long_joined [aquarium_subvault_wall,
          aquarium_subvault_balcony, aquarium_subvault_wall,
          aquarium_subvault_bridge, aquarium_subvault_bridge,
          aquarium_subvault_bridge], aquarium_window_1, aquarium_window_corner,
          aquarium_window_1, aquarium_window_1, aquarium_view_2e,
          aquarium_view_2d, aquarium_balcony_5a, aquarium_pool_1,
          portal_sewer_entry_d
Temple:   hellmonk_temple_of_storms

Skill      XL: |  1  2  3  4  5  6  7 |
---------------+----------------------+-----
Dodging        | 4 5 6 7 8 |  8.1
Stealth        | 3 4 |  4.0
Throwing       | 1 |  1.1
Translocations | 1 |  1.0
Fighting       | |  3.3
Long Blades    | |  2.8
Shields        | |  3.0

Action                     |  1- 3 |  4- 6 |  7- 9 || total
---------------------------+-------+-------+-------++-------
  Melee: Long sword        |    65 |   114 |       ||   179
         Constrict         |    17 |    46 |     7 ||    70
         Tentacles         |     9 |    42 |    14 ||    65
         Punch             |       |     3 |       ||     3
         Dagger            |       |    34 |       ||    34
         Kick              |       |     1 |       ||     1
         Falchion          |       |       |    50 ||    50
  Throw: Dart              |     5 |    16 |     5 ||    26
         Stone             |       |     2 |       ||     2
    Use: Potion            |     4 |     5 |     1 ||    10
         Scroll            |       |     5 |       ||     5
   Stab: Sleeping          |     4 |     5 |       ||     9
 Armour: Skin              |    38 |    58 |    26 ||   122
  Dodge: Dodged            |    49 |    86 |    46 ||   181
  Block: Buckler           |     8 |    24 |     7 ||    39
